 Dungeon Crawl Stone Soup version 0.28.0-53-g5a82cb258f (webtiles) character file.

Game seed: 48416839110182691

2585 H0rd4k the Cutter (level 9, -5/68 HPs)
             Began as a Human Artificer on Aug 4, 2022.
             Was an Initiate of Gozag.
             Slain by a gnoll sergeant
             ... wielding a +0 halberd
              (10 damage)
             ... in a bailey.
             The game lasted 00:10:58 (11111 turns).

H0rd4k the Cutter (Human Artificer)                Turns: 11111, Time: 00:10:59

Health: -5/68      AC: 13    Str: 12    XL:     9   Next: 88%
Magic:  0/16       EV:  6    Int: 17    God:    Gozag
Gold:   772        SH:  0    Dex: 13    Spells: 15/17 levels left

rFire   . . .      SeeInvis .   n - +0 dagger (venom)
rCold   + . .      Faith    .   (no shield)
rNeg    . . .      Spirit   +   p - +2 chain mail {rC+}
rPois   +          Reflect  .   (no helmet)
rElec   .          Harm     .   (no cloak)
rCorr   .          Rampage  .   (no gloves)
Will    .....                   l - +2 pair of boots
Stlth   ..........              t - amulet of guardian spirit
HPRegen 0.21/turn               z - ring of poison resistance
MPRegen 0.15/turn               (no ring)

@: no status effects
A: no striking features
a: Renounce Religion, Potion Petition, Call Merchant, Bribe Branch


You were in a bailey.
You worshipped Gozag.
Gozag was pleased with you.
You visited 2 branches of the dungeon, and saw 9 of its levels.
You also visited: Bailey.

You collected 857 gold pieces.
You paid 85 gold pieces to Gozag.

Inventory:

Hand Weapons
 b - a +0 short sword of holy wrath
 j - a +0 flail
 n - a +0 dagger of venom (weapon)
 r - a +3 mace
 C - a +0 falchion of electrocution
Missiles
 G - 4 throwing nets
Armour
 l - a +2 pair of boots (worn)
 p - a +2 chain mail of cold resistance (worn)
 q - the +0 leather armour of the Big Bang {-Tele Str+5}
   (You found it on level 3 of the Dungeon)

   Str:       It affects your strength (+5).
   -Tele:     It prevents most forms of teleportation.
Jewellery
 t - an amulet of guardian spirit (around neck)
 z - a ring of poison resistance (left hand)
Wands
 c - a wand of flame (38) (quivered)
 d - a wand of charming (4)
 o - a wand of iceblast (2)
 D - a wand of digging (6)
Scrolls
 a - 2 scrolls of vulnerability {unknown}
 f - 3 scrolls of fog {unknown}
 g - 7 scrolls of teleportation {unknown}
 i - a scroll of acquirement {unknown}
 k - a scroll of immolation {unknown}
 m - 4 scrolls of identify {unknown}
 w - 2 scrolls of enchant weapon {unknown}
 y - a scroll of noise {unknown}
 E - a scroll of magic mapping {unknown}
 F - a scroll of summoning {unknown}
Potions
 s - a potion of degeneration {unknown}
 u - a potion of might {unknown}
 v - a potion of lignification {unknown}
 x - 2 potions of invisibility {unknown}
 A - a potion of brilliance {unknown}
 B - a potion of mutation {unknown}
Miscellaneous
 e - a piece from Xom's chessboard (15/15)


   Skills:
 + Level 5.3 Fighting
 + Level 6.6 Short Blades
 + Level 4.2 Maces & Flails
 - Level 2.0 Armour
 + Level 4.4 Dodging
 - Level 1.0 Stealth
 * Level 4.8 Spellcasting
 + Level 5.0 Evocations


You had 15 spell levels left.
You knew the following spells:

 Your Spells              Type           Power      Damage    Failure   Level
a - Blink                 Tloc           8%         N/A       100%        2

Your spell library contained the following spells:

 Spells                   Type           Power      Damage    Failure   Level
 Foxfire                  Conj/Fire      16%        2x1d4     99%         1
 Magic Dart               Conj           16%        1d3       99%         1
 Pain                     Necr           16%        1d4       99%         1
 Searing Ray              Conj           8%         2d4       100%        2
 Call Canine Familiar     Summ           4%         N/A       100%        3
 Conjure Flame            Conj/Fire      4%         6-21      100%        3
 Inner Flame              Hex/Fire       4%         N/A       100%        3
 Lesser Beckoning         Tloc           4%         N/A       100%        3
 Portal Projectile        Hex/Tloc       8%         N/A       100%        3
 Flame Wave               Conj/Fire      4%         2d5       100%        4
 Fulminant Prism          Conj/Hex       2%         3d6       100%        4
 Leda's Liquefaction      Hex/Erth       2%         N/A       100%        4
 Passage of Golubria      Tloc           4%         N/A       100%        4
 Agony                    Necr           4%         N/A       100%        5
 Excruciating Wounds      Necr           2%         N/A       100%        5
 Summon Forest            Summ/Tloc      2%         N/A       100%        5


Dungeon Overview and Level Annotations

Branches:
Dungeon (8/15)             Temple (1/1) D:5          Bailey (1/1)
   Lair: D:8-11

Altars:
Dithmenos
Elyvilon
Fedhas
Gozag
Kikubaaqudgha
Sif Muna
Trog
Vehumet
Wu Jian
Xom
Zin

Shops:
D:4 (

Portals:
Abyss: D:5

Annotations:
D:5 2 transporters, exclusion: downstairs, duchin's ghost, weakling GnDe


Message History

The gnoll shaman hits you from afar with a +0 trident.
The gnoll sergeant hits you with a +0 halberd.
You barely miss the gnoll sergeant.
The gnoll sergeant is severely wounded.
The gnoll sergeant hits you but does no damage.
The gnoll shaman hits you from afar with a +0 trident!
* * * LOW HITPOINT WARNING * * *
You hit the gnoll sergeant but do no damage.
The gnoll sergeant looks as sick as possible!
The gnoll sergeant is severely wounded.
You hit the gnoll sergeant but do no damage.
The gnoll sergeant looks as sick as possible!
The gnoll sergeant is almost dead.
The gnoll sergeant barely misses you.
The gnoll shaman hits you from afar with a +0 trident!
* * * LOW HITPOINT WARNING * * *
You hit the gnoll sergeant but do no damage.
The gnoll sergeant is almost dead.
The gnoll sergeant barely misses you. x2
The gnoll shaman hits you from afar with a +0 trident!
* * * LOW HITPOINT WARNING * * *
You hit the gnoll sergeant but do no damage.
The gnoll sergeant is almost dead.
The gnoll sergeant closely misses you.
You feel better.
The gnoll shaman calls upon its god to heal the gnoll sergeant.
The gnoll sergeant is healed somewhat.
The gnoll sergeant hits you with a +0 halberd!
* * * LOW HITPOINT WARNING * * *
You feel better.
The gnoll sergeant hits you with a +0 halberd.
* * * LOW HITPOINT WARNING * * *
The gnoll shaman hits you but does no damage.
The gnoll sergeant hits you but does no damage.
You feel better.
The gnoll shaman hits you from afar with a +0 trident!
* * * LOW HITPOINT WARNING * * *
The gnoll sergeant hits you with a +0 halberd!
You die...
Your body crumbles into a pile of gold.

### ♣∩♣ ♣@♣ ♣♣g♣♣
♣♣♣♣)g.♣♣
♣♣.......♣♣♣♣
♣♣♣.....).....♣♣♣
♣♣.......))......♣♣
♣♣≈≈≈≈≈≈≈.).≈≈≈≈≈≈≈♣♣
♣≈≈...............≈≈♣
♣≈.........).......≈♣


You could see a gnoll sergeant (fast, extremely poisoned) and a gnoll shaman.

Vanquished Creatures
  Prince Ribbit (D:5)
  A water moccasin (D:7)
  2 orc warriors
  A sky beast (D:7)
  A necrophage (D:4)
  3 ogres
  A phantom (D:6)
  2 centaurs
  2 bullfrogs
  A gnoll sergeant (Bailey)
  A bullfrog zombie (D:5)
  5 hounds
  A jelly (D:6)
  3 bullfrog skeletons
  3 gnoll shamans
  2 orc priests
  A centaur skeleton (D:6)
  Jessica (D:2)
  3 iguanas
  8 orc wizards
  A killer bee zombie (D:7)
  A hound zombie (D:5)
  2 howler monkey zombies (D:6)
  12 gnolls
  A howler monkey skeleton (D:7)
  3 adders
  2 ufetubi
  2 adder skeletons (D:4)
  A worm (D:4)
  2 dart slugs
  27 orcs
  8 bats
  An endoplasm (D:1)
  4 giant cockroaches
  10 goblins
  8 hobgoblins
  4 jackals
  4 kobolds
  5 quokkas
  3 ball pythons
  4 frilled lizards
  A quokka skeleton (D:4)
  5 rats
154 creatures vanquished.

Vanquished Creatures (collateral kills)
  A necrophage (D:3)
  An orc priest (D:6)
  A gnoll (Bailey)
  3 orcs (D:3)
  An endoplasm (D:3)
7 creatures vanquished.

Vanquished Creatures (others)
  A necrophage (D:6)
  Ijyb (D:3)
  A gnoll (Bailey)
  A hobgoblin (D:3)
  A fungus (D:2)
  6 plants
11 creatures vanquished.

Grand Total: 172 creatures vanquished

Notes
Turn   | Place    | Note
-------+----------+-------------------------------------------
     0 | D:1      | H0rd4k the Human Artificer began the quest for the Orb.
     0 | D:1      | Reached XP level 1. HP: 15/15 MP: 1/1
   275 | D:1      | Reached XP level 2. HP: 7/21 MP: 2/2
  1183 | D:1      | Got Hicac's Disquisition on the Traveller
  1379 | D:1      | Reached XP level 3. HP: 26/26 MP: 3/3
  1685 | D:2      | Found a faded altar of an unknown god.
  1685 | D:2      | Noticed Jessica
  1702 | D:2      | Killed Jessica
  1703 | D:2      | Reached skill level 1 in Maces & Flails
  1703 | D:2      | Reached XP level 4. HP: 14/32 MP: 4/4
  2603 | D:3      | Reached XP level 5. HP: 27/37 MP: 5/5
  2712 | D:3      | Found a bloodstained altar of Trog.
  2915 | D:3      | Noticed Ijyb
  2915 | D:3      | Noticed a necrophage
  2923 | D:3      | Killed a necrophage
  3195 | D:3      | Reached XP level 6. HP: 30/44 MP: 7/7
  3206 | D:3      | Your ally Ijyb died
  3463 | D:3      | Found a radiant altar of Vehumet.
  3629 | D:3      | Reached skill level 1 in Spellcasting
  3838 | D:3      | Identified the +0 leather armour of the Big Bang {-Tele
                  | Str+5}
  4240 | D:4      | Found Ymalis's Antique Weapon Shoppe.
  4393 | D:4      | Noticed an ogre
  4416 | D:4      | Killed an ogre
  4417 | D:4      | Reached XP level 7. HP: 50/51 MP: 9/9
  4691 | D:4      | Reached skill level 1 in Short Blades
  5253 | D:4      | Reached XP level 8. HP: 33/58 MP: 11/11
  5435 | D:4      | Learned a level 2 spell: Blink
  5440 | D:5      | Entered Level 5 of the Dungeon
  5471 | D:5      | Found a staircase to the Ecumenical Temple.
  5517 | Temple   | Entered the Ecumenical Temple
  5570 | Temple   | Became a worshipper of Gozag Ym Sagoz the Greedy
  5605 | D:5      | Reached skill level 2 in Short Blades
  5820 | D:5      | Found a one-way gate to the infinite horrors of the Abyss.
  5820 | D:5      | Noticed duchin's ghost (weakling GnDe)
  5865 | D:5      | Noticed a small abomination
  5963 | D:5      | Noticed Prince Ribbit
  5983 | D:5      | Killed Prince Ribbit
  5984 | D:5      | Reached skill level 3 in Short Blades
  6240 | D:5      | Found a transporter.
  6258 | D:5      | Found a transporter.
  6534 | D:5      | Found a glowing silver altar of Zin.
  6700 | D:6      | Reached skill level 4 in Short Blades
  7319 | D:6      | Reached XP level 9. HP: 65/65 MP: 14/14
  7800 | D:6      | Reached skill level 5 in Short Blades
  8548 | D:6      | Found a shimmering altar of Xom.
  9173 | D:7      | Reached skill level 6 in Short Blades
  9370 | D:7      | Reached skill level 5 in Evocations
 10151 | D:8      | Found a flagged portal.
 10210 | Bailey   | Entered a bailey
 10237 | Bailey   | Reached skill level 5 in Fighting
 11107 | Bailey   | HP: 3/68 [gnoll shaman/+0 trident (6)]
 11111 | Bailey   | Slain by a gnoll sergeant

Illustrated notes

Levels and vault maps discovered:
D:1:      amcnicky_arrival_double_pillar, layout_basic
D:2:      layout_basic, dreamdust_ecumenical_altar_grove, chequers_big_river,
          minmay_misc_feat_chi, uniq_jessica
D:3:      layout_loops_ring, amcnicky_altar_gilded, vehumet_crystals,
          serial_forest, infiniplex_forest_zigzag_2, infiniplex_forest_end_1,
          infiniplex_forest_clump_curved, infiniplex_forest_3_way,
          infiniplex_forest_corner_1, infiniplex_forest_straight_2,
          infiniplex_forest_lined_corner, minmay_starry_boxes, uniq_ijyb
D:4:      layout_loops_ring, serial_shops, shop
D:5:      layout_basic, kennysheep_mini, minmay_temple_entry_butterflies,
          gammafunk_ghost_abyssal_escape, uniq_prince_ribbit1
D:6:      layout_loops_ring, lemuel_coloured_pillars_altar
D:7:      layout_basic, minmay_puff
D:8:      layout_loops_corners, enter_bailey_4, abandoned_shop
Temple:   minmay_crystal_spiral_temple
Bailey:   bailey_polearm_gnolls_kennysheep, bailey

Skill      XL: |  1  2  3  4  5  6  7  8  9 |
---------------+----------------------------+-----
Maces & Flails | 1 2 3 4 |  4.2
Evocations     | 4 5 |  5.0
Dodging        | 2 3 4 |  4.4
Fighting       | 2 3 5 |  5.3
Spellcasting   | 1 2 3 4 |  4.8
Short Blades   | 1 4 6 |  6.6
Armour         | |  2.0
Stealth        | |  1.0

Action                   |  1- 3 |  4- 6 |  7- 9 || total
-------------------------+-------+-------+-------++-------
Melee: Club              |    36 |       |       ||    36
       Punch             |     2 |     2 |    19 ||    23
       Flail             |    42 |    83 |       ||   125
       Dagger            |       |    70 |   834 ||   904
Evoke: Wand              |     6 |    18 |     9 ||    33
  Use: Potion            |       |     1 |     3 ||     4
 Stab: Sleeping          |     1 |     1 |       ||     2
Armor: Leather armour    |    25 |    34 |       ||    59
       Chain mail        |       |    64 |   442 ||   506
Dodge: Dodged            |    55 |    97 |   210 ||   362
